← All builds
Suicide front / Legion / Quick factory / OBSERVED BUILD

Standard suicide front

Legion Suicide front build order · Supreme Isthmus

Quick Bot Lab into Vehicle Plant to project force at middle early with Ballista, Satyr, Decurion and Lance, transitioning into Barrage artillery and an Advanced Metal Extractor as the game develops.

#rush #raid · 55 distinct matches · 26 players · 77% of Legion Suicide front games · team won 59% of 58 · Recently observed

HOW TO PLAY IT

Key timing: Legion Vehicle Plant by 1:01

  1. Take first mex while the bot lab goes down immediately.
  2. Finish the bot lab fast to start producing early bots.
  3. Queue the vehicle plant right after for Ballista and Satyr.
  4. Push Ballista and Barrage to contest middle early.
  5. Transition into an advanced mex once T2 constructor is up.

Phase by phase

TYPICAL OF ITS 55 GAMES
  1. 1
  2. 2
  3. 3
PLAY THE OPENING

Follow the example game's first 6:00 step by step: what to build now, what comes next, and where it goes. At 1× it keeps pace with your own game.

  1. 1

    Up to the Legion Bot Lab

    Economy
    • Metal Extractor2Mex
    Order
    1. Legion Bot LabLegion Bot Lab after 2 mexdone ~0:34, middle half 0:27–0:45

    By 0:18 in all: 2 mex

    The example game in this phase · 31 steps
    1. Mex
    2. Legion Vehicle PlantLegion Vehicle Plantdone 0:30 · typical 0:43
    3. Legion Construction VehicleLegion Construction Vehicle
    4. Mex
    5. Wind ×2
    6. Mex
    7. Legion Construction VehicleLegion Construction Vehicle
    8. PharosPharos
    9. DecurionDecurion
    10. Mex
    11. PharosPharos
    12. BarrageBarrage
    13. Radar TowerRadar Tower
    14. BarrageBarrage
    15. Mex
    16. PharosPharos
    17. BarrageBarrage
    18. PharosPharos ×3
    19. LanceLance ×2
    20. Dragon's TeethDragon's Teeth ×3
    21. LanceLance
    22. Dragon's TeethDragon's Teeth ×4
    23. PharosPharos
    24. LanceLance ×2
    25. BarrageBarrage ×2
    26. Mex
    27. LanceLance ×3
    28. Mex
    29. DecurionDecurion
    30. PharosPharos
    31. Legion Bot LabLegion Bot Labdone 7:24 · typical 0:34
  2. 2

    Legion Bot Lab to 5:00

    Economy
    • Metal Extractor4Mex
    • Wind Turbine6Wind
    Army
    • Pharos4 Pharos
    Other
    • Radar Tower1 Radar Tower

    Some games also: Legion Construction Bot (45%) · Zagreus (45%) · Legion Construction Vehicle (41%) · Barrage (41%) · con turret (41%)

    By 5:00 in all: 5 mex · 7 wind

  3. 3

    5:00 to 10:00

    Economy
    • Metal Extractor1Mex
    • Wind Turbine10Wind
    Builders
    • Construction Turret1 Con turret

    Some games also: Radar Tower (48%) · Pharos (43%) · energy storage (41%) · Lance (36%) · Zagreus (33%)

    By 10:00 in all: 6 mex · 19 wind · 1 energy storage · 3 con turret

    The example game in this phase · 38 steps
    1. PharosPharos
    2. Con turret
    3. GoblinGoblin ×2
    4. Wind
    5. GoblinGoblin
    6. BrambleBramble
    7. GoblinGoblin ×6
    8. Radar TowerRadar Tower
    9. BrambleBramble
    10. GoblinGoblin ×2
    11. Con turret
    12. GoblinGoblin ×3
    13. Advanced Metal ExtractorT2 mexdone 10:17
    14. GoblinGoblin ×2
    15. Con turret
    16. GoblinGoblin ×9
    17. PharosPharos
    18. GoblinGoblin
    19. Wind
    20. Advanced Metal ExtractorT2 mex
    21. Wind ×5
    22. Con turret
    23. Advanced Metal ExtractorT2 mex
    24. Wind ×2
    25. Con turret
    26. Wind
    27. Advanced Metal ExtractorT2 mex
    28. Wind
    29. Energy storage
    30. Con turret
    31. Wind ×2
    32. Advanced solar
    33. Wind
    34. Advanced solar
    35. Wind
    36. Advanced solar
    37. Con turret
    38. Wind

Counts are medians over the build's games: half of them build more, half fewer. The example game is XuunnY's (32 OS, 11/09/2026); pick another.

Team trades

IN AT LEAST 30% OF ITS GAMES

You hand over

Nothing regular.

You get

  • Tidal Generator4 Tidal from Pondfirst at 0:11 · in 52% of games
  • Advanced Construction Bot1 T2 con bot from Geo or Techfirst at 7:31 · in 48% of games

How it plays out

Typical game of this build, running totals by minute

Metal produced

010k20k
0:005:0010:0015:00

metal

Enemy metal destroyed

05k10k
0:005:0010:0015:00

metal

Own metal lost

05k10k
0:005:0010:0015:00

metal

58 games.

Show as table
ByMetal produced: This buildEnemy metal destroyed: This buildOwn metal lost: This build
1:0029100
2:0087900
3:00181617250
4:002774459290
5:0038471092625
6:00484418481085
7:00589329401953
8:00727243292701
9:00847448643265
10:00972556044448
11:001112356744806
12:001315861295595
13:001386666067159
14:001569070087755
15:001732675898208
WHAT THE NUMBERS SAY

This aggressive opening wins more often than the role's other lines, with enemy metal destroyed well above own losses by 15:00.

  • + Enemy metal destroyed (9422) nearly doubles own metal lost (8541) by 15:00.
  • + Team wins 58% of games, strongest result among these roles.
  • − Own metal lost climbs fast early, 770 by 5:00 from committing hard.
THE EXAMPLE YOU ARE READING

XuunnY

32.2 OS · 11/09/2026

Open source match ↗

25 received units · includes a constructor
5 metal received · 27927 energy received

Allied construction assistance is unknown. Timings are observations, not a promise of solo reproducibility.

Typical milestones

Legion Bot Lab0:34Middle 50%: 0:27–0:45 · n=33
Legion Vehicle Plant0:43Middle 50%: 0:30–1:02 · n=37

Played most by

XuunnY11games of this build_X_6games of this buildChancho4games of this build[crd]sisa3games of this buildxabre3games of this build